 Dungeon Crawl Stone Soup version 0.20-a0-270-g8e735b6 (webtiles) character file.

473 Leibowitz the Ducker (level 6, 0/75 HPs)
             Began as a Demigod Gladiator on Dec 10, 2016.
             Slain by Grinder (6 damage)
             ... on level 4 of the Dungeon.
             The game lasted 00:11:14 (3757 turns).

Leibowitz the Ducker (Demigod Gladiator)            Turns: 3757, Time: 00:11:14

Health: 0/75       AC:  4    Str: 23    XL:     6   Next: 53%
Magic:  8/8        EV: 14    Int: 17    God:
Gold:   210        SH:  4    Dex: 18    Spells: 5/5 levels left

rFire  . . .     SeeInvis .     a - +2 dagger (venom)
rCold  . . .     Gourm    .     b - +0 leather armour
rNeg   . . .     Faith    .     u - +0 buckler
rPois  .         Spirit   .     c - +0 helmet
rElec  .         Reflect  .     (no cloak)
rCorr  .         Harm     .     (no gloves)
MR     .....                    (no boots)
Stlth  ..........               i - amulet of rage
                                (no ring)
                                (no ring)

@: brilliant, berserking, starving, very quick
A: clumsy 1, high mp 1, wild magic 1, no device heal 1
a: Evoke Berserk Rage


You were on level 4 of the Dungeon.
You were starving.

You visited 1 branch of the dungeon, and saw 4 of its levels.

You collected 210 gold pieces.

Inventory:

Hand Weapons
 a - a +2 dagger of venom (weapon)
 k - a +3 scythe of freezing
 q - a +0 rapier
 z - the +6 spear of the Yoke {pain, rPois rN+ MR+}
   (You found it on level 4 of the Dungeon)

   In the hands of one skilled in necromantic magic, it inflicts extra damage on
   living creatures.
   It protects you from poison.
   It protects you from negative energy.
   It affects your resistance to hostile enchantments.
 E - the +7 hand axe of Desertification {flame, rElec rF+++ Str-3 Int-5}
   (You found it on level 4 of the Dungeon)

   It has been specially enchanted to burn those struck by it, causing extra
   injury to most foes and up to half again as much damage against particularly
   susceptible opponents.
   Big, fiery blades are also staple armaments of hydra-hunters.
   It affects your strength (-3).
   It affects your intelligence (-5).
   It renders you almost immune to fire.
   It insulates you from electricity.
Missiles
 d - 2 throwing nets (quivered)
 e - 8 needles of sleeping
 g - 2 poisoned tomahawks
 s - 22 poisoned needles
Armour
 b - a +0 leather armour (worn)
 c - a +0 helmet (worn)
 u - a +0 buckler (worn)
Jewellery
 i - an amulet of rage (around neck)
 m - an uncursed amulet of magic regeneration {unknown}
Wands
 C - a wand of confusion (42/48)
 D - a wand of disintegration (8/24)
Scrolls
 h - 3 scrolls of teleportation {unknown}
 p - 2 scrolls of recharging {unknown}
 v - 2 scrolls of identify {unknown}
 w - a scroll of enchant armour {unknown}
 x - a scroll of fog {unknown}
 y - a scroll of fear {unknown}
 B - a scroll of noise {unknown}
 H - a scroll of remove curse {unknown}
Potions
 o - 3 potions of agility {unknown}
 r - a potion of invisibility {unknown}
 t - 2 potions of flight {unknown}
 F - a potion of might {unknown}
 G - a potion of curing {unknown}
Comestibles
 f - 2 bread rations
 n - a meat ration
 A - a slice of pizza


   Skills:
 * Level 2.9 Fighting
 + Level 4.1 Short Blades
 + Level 2.1 Throwing
 + Level 1.9 Armour
 * Level 4.4 Dodging
 * Level 2.6 Stealth
 + Level 0.1 Shields
 + Level 0.3 Evocations


You had 5 spell levels left.
You didn't know any spells.

Dungeon Overview and Level Annotations

Branches:
Dungeon (4/15)
 Temple: D:4-7

Annotations:
D:4 Grinder


Innate Abilities, Weirdness & Mutations

You have an increased reservoir of magic. (+10% MP)
You are clumsy. (Dex -2)
Your spells are a little harder to cast, but a little more powerful.
Potions and wands are less effective at restoring your health.


Message History

You hit Grinder.
Grinder is moderately wounded.
You hit Grinder.
Grinder is heavily wounded.
Grinder gestures at you. You resist with some effort.
You closely miss Grinder.
Grinder is heavily wounded.
You hit Grinder but do no damage.
Grinder is heavily wounded.
Grinder hits you.
* * * LOW HITPOINT WARNING * * *
You writhe in agony.
* * * LOW HITPOINT WARNING * * *
You puncture Grinder!
Grinder is severely wounded.
Grinder hits you.
* * * LOW HITPOINT WARNING * * *
You writhe in agony.
You die...

#...# #.# #.#
######...###.##### ....#
................. .....
............%...# .....
#####...####.##.##......
# #...####.#...#...... #
#................... #
#.#.####.#..w#.....# #
#.#.# #....@5....# #
#.#.# ####.#####.# #
#.#.# #.#
#####.#.#######.#
..).............#
........#####.###
......### #######


You could see Grinder and a dart slug.

Vanquished Creatures
  Sigmund (D:2)
  A vampire bat (D:3)
  2 orc wizards
  Jessica (D:2)
  Terence (D:2)
  A worker ant (D:4)
  5 adders
  4 worms
  4 dart slugs
  A leopard gecko (D:4)
  7 orcs
  12 bats
  2 bat skeletons (D:3)
  3 bat zombies (D:3)
  4 giant cockroaches
  7 goblins
  8 hobgoblins
  2 jackals (D:2)
  2 quokkas
  2 ball pythons
  4 frilled lizards
  4 kobolds
  5 rats
83 creatures vanquished.

Notes
Turn   | Place    | Note
-------+----------+-------------------------------------------
     0 | D:1      | Leibowitz the Demigod Gladiator began the quest for the Orb.
     0 | D:1      | Reached XP level 1. HP: 17/17 MP: 3/3
   670 | D:1      | Reached XP level 2. HP: 24/24 MP: 4/4
   931 | D:2      | Noticed Sigmund
   936 | D:2      | Killed Sigmund
   936 | D:2      | Reached skill level 1 in Stealth
   936 | D:2      | Reached XP level 3. HP: 25/29 MP: 5/5
   936 | D:2      | Reached XP level 4. HP: 31/36 MP: 6/6
   936 | D:2      | Reached XP level 5. HP: 36/41 MP: 7/7
   973 | D:2      | Found an opulent altar of Gozag.
  1141 | D:2      | Noticed Jessica
  1148 | D:2      | Killed Jessica
  1148 | D:2      | Reached skill level 1 in Armour
  1255 | D:2      | Noticed Terence
  1268 | D:2      | Killed Terence
  2112 | D:3      | Reached XP level 6. HP: 24/50 MP: 8/8
  2897 | D:3      | Found an ancient bone altar of Kikubaaqudgha.
  3541 | D:4      | Got a crude spear
  3542 | D:4      | Identified the +6 spear of the Yoke {pain, rPois rN+ MR+} (You found it on level 4 of the Dungeon)
  3641 | D:4      | Got a twisted hand axe
  3642 | D:4      | Identified the +7 hand axe of Desertification {flame, rElec rF+++ Str-3 Int-5} (You found it on level 4 of the Dungeon)
  3731 | D:4      | Noticed Grinder
  3749 | D:4      | Gained mutation: Potions and wands are less effective at restoring your health. [potion of mutation]
  3749 | D:4      | Gained mutation: Your spells are a little harder to cast, but a little more powerful. [potion of mutation]
  3749 | D:4      | Gained mutation: You are clumsy. (Dex -2) [potion of mutation]
  3757 | D:4      | Slain by Grinder

Vault maps used:
D:1:      lightli_arrival_statue_moat
D:2:      serial_corexii_hall, corexii_hall_statues_s, corexii_hall_statues_x,
          corexii_hall_statues_l, corexii_hall_statues_l, first_bread,
          nicolae_gozag_seed_capital, uniq_sigmund, uniq_jessica, uniq_terence
D:3:      kennysheep_vampire_church
D:4:      uniq_robin, uniq_grinder, uniq_eustachio

Skill      XL: |  1  2  3  4  5  6 |
---------------+-------------------+-----
Dodging        | 4 |  4.4
Fighting       | 2 |  2.9
Short Blades   | 3 4 |  4.1
Throwing       | 2 |  2.1
Stealth        | 1 2 |  2.6
Armour         | 1 |  1.9
Shields        | |  0.1
Evocations     | |  0.3

Action                   |  1- 3 |  4- 6 || total
-------------------------+-------+-------++-------
Melee: Rapier            |    43 |   166 ||   209
       Scythe            |       |     1 ||     1
       Dagger            |       |    84 ||    84
       Spear             |       |     1 ||     1
Throw: Tomahawk          |     2 |       ||     2
       Throwing net      |       |     1 ||     1
 Abil: Evoke Berserk Rag |       |     2 ||     2
  Use: Potion            |       |     2 ||     2
 Stab: Sleeping          |     1 |     8 ||     9
  Eat: Chunk             |       |     9 ||     9
Armor: Leather armour    |     7 |    69 ||    76
Dodge: Dodged            |    32 |   153 ||   185
Block: Buckler           |       |    25 ||    25
